 Dungeon Crawl Stone Soup version 0.31-a0-210-gccc998df9b (webtiles) character file.

Game seed: 7707384517925700179

52484 TrayleKats the Devastator (level 14, -5/74 HPs)
             Began as a Deep Elf Conjurer on June 29, 2023.
             Was the Champion of Hepliaklqana.
             Constricted to death by Jorgrun (13 damage)
             ... on level 1 of the Orcish Mines on June 30, 2023.
             The game lasted 00:47:02 (22229 turns).

TrayleKats the Devastator (Deep Elf Conjurer)      Turns: 22229, Time: 00:47:02

Health: -5/74      AC: 19    Str:  7    XL:     14   Next: 27%
Magic:  14/33      EV: 12    Int: 35    God:    Hepliaklqana [******]
Gold:   1300       SH:  0    Dex: 16    Spells: 15/40 levels left

rFire   . . .        L - staff of conjuration
rCold   + . .        w - orb {*channel}
rNeg    . . .        r - +1 acid dragon scales
rPois   .            C - +2 helmet
rElec   .            (no cloak)
rCorr   +            l - +2 pair of gloves
SInv    .            F - +1 pair of boots
Will    +....        e - amulet of regeneration
Stlth   +++          n - ring of wizardry
HPRegen 1.12/turn    H - ring of Rivat {rC+ Str+3 Int+6 Dex+3}
MPRegen 0.23/turn

%: wizardry (x1), channel magic (20%)
@: radiating poison, grasped by roots, very slightly contaminated, slowed,
constricted, very slow
A: reduced essence, iridescent scales 2, subdued magic 1
a: Renounce Religion, Recall Ancestor, Ancestor Identity, Transference, Idealise


You were on level 1 of the Orcish Mines.
You worshipped Hepliaklqana.
Hepliaklqana was exalted by your worship.
You visited 3 branches of the dungeon, and saw 18 of its levels.
You also visited: Ossuary.

You collected 1476 gold pieces.
You spent 176 gold pieces at shops.

Inventory:

Hand Weapons
 o - a +3 hand axe of electrocution
Missiles
 k - 4 throwing nets
Armour
 l - a +2 pair of gloves (worn)
 r - +1 acid dragon scales (worn)
 w - an orb of energy (worn)
 C - a +2 helmet (worn)
 F - a +1 pair of boots (worn)
Magical Staves
 L - a staff of conjuration (weapon)
Jewellery
 e - an amulet of regeneration (around neck)
 g - a +4 ring of protection
 n - a ring of wizardry (left hand)
 u - a ring of protection from cold
 E - a ring of protection from fire
 H - the ring of Rivat (right hand) {rC+ Str+3 Int+6 Dex+3}
   (You found it on level 4 of the Lair of Beasts)

   [ring of intelligence]

   Str:       It affects your strength (+3).
   Int:       It affects your intelligence (+6).
   Dex:       It affects your dexterity (+3).
   rC:        It protects you from cold.
 J - a ring of willpower
Wands
 j - a wand of iceblast (47)
 s - a wand of flame (23)
 t - a wand of polymorph (3)
 v - a wand of mindburst (15)
 I - a wand of light (5)
Scrolls
 i - 5 scrolls of teleportation
 x - 3 scrolls of identify
 y - 4 scrolls of amnesia
 D - 6 scrolls of fear
 G - a scroll of noise {unknown}
 K - a scroll of blinking
Potions
 a - 5 potions of enlightenment
 b - 3 potions of magic
 c - 2 potions of haste
 d - 5 potions of curing
 f - 2 potions of cancellation
 h - 3 potions of invisibility
 m - 2 potions of lignification
 p - a potion of berserk rage
 q - a potion of ambrosia
 z - 3 potions of might
 A - 2 potions of brilliance
Miscellaneous
 B - a condenser vane (inert)


   Skills:
 * Level 7.9 Fighting
 + Level 9.1 Dodging
 - Level 5.1 Stealth
 - Level 13.6 Spellcasting
 - Level 15.8 Conjurations
 - Level 5.0 Hexes
 + Level 7.2 Summonings
 + Level 2.1 Necromancy
 - Level 5.0 Translocations
 + Level 7.0 Earth Magic
 - Level 5.0 Poison Magic
 + Level 7.0 Invocations


You had 15 spell levels left.
You knew the following spells:

 Your Spells              Type           Power      Damage    Failure   Level
a - Magic Dart            Conj           100%       1d8       1%          1
b - Searing Ray           Conj           100%       2d8       1%          2
c - Iskenderun's Mystic   Conj/Tloc      84%        2d17      1%          4
d - Fulminant Prism       Conj/Hex       42%        3d19      1%          4
e - Olgreb's Toxic Radia  Pois           45%        N/A       4%          4
f - Summon Mana Viper     Hex/Summ       51%        N/A       7%          5
g - Borgnjor's Vile Clut  Necr/Erth      21%        N/A       12%         5

Your spell library contained the following spells:

 Spells                   Type           Power      Damage    Failure   Level
 Kiss of Death            Conj/Necr      100%       2d13      1%          1
 Slow                     Hex            100%       N/A       1%          1
 Sting                    Tmut/Pois      100%       1d8       1%          1
 Confusing Touch          Hex            45%        N/A       1%          3
 Dazzling Flash           Conj/Hex       100%       N/A       1%          3
 Portal Projectile        Hex/Tloc       90%        N/A       1%          3
 Tukima's Dance           Hex            45%        N/A       1%          3
 Poisonous Vapours        Pois/Air       62%        N/A       2%          2
 Vampiric Draining        Necr           30%        2d8       4%          3
 Summon Ice Beast         Ice/Summ       37%        N/A       7%          4
 Ozocubu's Armour         Ice            18%        N/A       9%          3
 Dispel Undead            Necr           30%        3d14      12%         4
 Blade Hands              Tmut           9%         N/A       47%         5
 Monstrous Menagerie      Summ           27%        N/A       58%         7
 Malign Gateway           Summ/Tloc      25%        N/A       75%         7
 Haunt                    Necr/Summ      21%        N/A       89%         7
 Summon Horrible Things   Summ           27%        N/A       99%         8


Dungeon Overview and Level Annotations

Branches:
Dungeon (12/15)            Temple (0/1) D:6            Lair (5/5) D:10
  Swamp (0/4) Lair:2        Snake (0/4) Lair:2        Slime (0/5) Lair:5
    Orc (1/2) D:9         Ossuary (visited)

Altars:
Fedhas
Hepliaklqana
Ru
Vehumet
Xom
Jiyva

Shops:
D:9 [

Annotations:
D:3 3 runed translucent doors, innerfire43's ghost, amateur DsMo
D:10 2 runed translucent doors
Lair:4 2 transporters, Bekuax's ghost, journeyman MfIE
Orc:1 Gastronok; Jorgrun


Innate Abilities, Weirdness & Mutations

Your life essence is reduced to manifest your ancestor. (-10% HP)
You are mostly covered in iridescent scales. (AC +4)
Your spells are a little easier to cast, but a little less powerful.


Message History

You kill the orc warrior!
The orc warrior throws a boomerang.
The boomerang misses you.
Jorgrun moves out of view.
Casting: Summon Mana Viper (dangerous; 7% risk of failure)
Confirm with . or Enter, or press ? or * to list all spells.
You feel a surge of power!
You erupt in a blast of force!
The mystic blast hits Gastronok!!
Gastronok is heavily wounded.
Gastronok is knocked back by the mystic blast.
Xochipepe avoids your attack.
Some rock shatters into small pieces.
The orc warrior throws a boomerang.
The boomerang hits you but does no damage.
The orc warrior throws a boomerang.
The boomerang closely misses you.
Casting: Iskenderun's Mystic Blast (dangerous; 1% risk of failure)
Confirm with . or Enter, or press ? or * to list all spells.
You begin to radiate toxic energy.
Jorgrun is poisoned.
The orc warrior is poisoned.
Jorgrun casts a spell at you.
Roots burst forth from the earth!
The grasping roots grab you! The grasping roots constrict you!
Xochipepe hits Gastronok with a +0 flail.
Casting: Olgreb's Toxic Radiance (dangerous; 4% risk of failure)
Confirm with . or Enter, or press ? or * to list all spells.
Aiming: Borgnjor's Vile Clutch (dangerous; 12% risk of failure)
Press: ? - help, Shift-Dir - straight line, f - Gastronok
Aim: Gastronok, wearing the +3 hat of Pondering {ponderous, Will+ MP+10 Int+5} (heavily wounded, not watching you, very poisoned, ally target, 100% to hit)
Xochipepe avoids your attack.
Zombie hands grab Gastronok.
The zombie hands constrict Gastronok.
The grasping roots constrict you!
The orc warrior throws a boomerang.
The boomerang hits you but does no damage.
Gastronok waves his eye-stalks in wide circles.
The air twists around and strikes you!!!
Ouch! That really hurt!
* * * LOW HITPOINT WARNING * * *
Xochipepe hits Gastronok with a +0 flail!
An orc comes into view. It is wielding a +1 antimagic hand axe.
The grasping roots constrict you!
You die...

......##.......
......#........
.$.............
.......$.......
#.....g..w....
#.).)...R...#
#........#
#.).@....#
#..)......#
#..........#
............^#
^......$.....#
........o......
.......##......
......# ....o.


You could see the friendly Xochipepe the knight, Gastronok (very poisoned,
clutched, ally target), Jorgrun (poisoned), an orc warrior (poisoned) and an
orc.

Vanquished Creatures
  2 hydras
  A catoblepas (Lair:5)
  A merfolk avatar (Lair:5)
  A boulder beetle (Lair:5)
  3 two-headed ogres
  A death yak (Lair:1)
  2 skysharks (Lair:5)
  A bog body (Lair:1)
  A manticore (D:11)
  4 elephants
  3 black mambas
  An ice statue (Lair:1)
  A gargoyle (D:10)
  Joseph (D:8)
  2 torpor snails
  2 cane toads
  5 komodo dragons
  3 rime drakes
  2 ice devils
  3 polar bears
  A tyrant leech (Lair:2)
  3 trolls
  3 blink frogs
  4 dream sheep (Lair:2)
  Sigmund (D:2)
  A vampire (D:11)
  2 wraiths (Lair:3)
  3 shadows
  5 wyverns
  13 yaks
  A culicivora (shapeshifter) (D:10)
  3 steam dragons
  A basilisk (Lair:2)
  4 vampire mosquitoes (Lair:3)
  2 swamp worms (Lair:2)
  A harpy simulacrum (Lair:1)
  A naga (Lair:2)
  9 water moccasins
  10 orc warriors
  2 swamp drakes (Lair:3)
  A sky beast (D:8)
  2 black bears (Lair:4)
  An ice beast (D:7)
  9 wolves (Lair:1)
  2 centaurs
  2 ogres
  A phantom (D:6)
  A kobold brigand (D:8)
  4 bullfrogs
  An entropy weaver simulacrum (Lair:1)
  3 scorpions (D:5)
  4 wights (D:7)
  3 killer bees (D:11)
  An elephant simulacrum (Lair:1)
  5 howler monkeys
  4 hounds
  6 orc priests
  3 jellies
  A gnoll bouda (D:4)
  Jessica (D:3)
  Natasha (D:3)
  5 hell rats (Lair:1)
  9 orc wizards
  3 wolf simulacra (Lair:1)
  7 mummies (Ossuary)
  9 gnolls (D:4)
  12 adders
  40 orcs
  2 ball pythons
  7 endoplasms
  3 giant cockroaches
  15 goblins
  6 hobgoblins
  3 jackals
  3 quokkas
  8 bats
  4 frilled lizards
  8 kobolds
  3 kobold zombies (Ossuary)
  An orc zombie (Ossuary)
  4 rats
  2 rat zombies (D:4)
320 creatures vanquished.

Vanquished Creatures (collateral kills)
  Josephine (Lair:3)
  2 hydras
  4 skysharks
  2 sea snakes (Lair:5)
  A lindwurm (Lair:5)
  3 harpies (Lair:5)
  18 elephants
  3 cane toads
  Maggie (Lair:2)
  5 komodo dragons
  A nameless horror (Lair:5)
  A rime drake (Lair:1)
  Psyche (D:9)
  An ice devil (Lair:1)
  A red devil (D:12)
  2 hornets
  4 polar bears
  A tyrant leech (Lair:2)
  A hellwing (D:12)
  2 blink frogs (Lair:2)
  2 snapping turtles (Lair:5)
  3 wraiths (Lair:3)
  A slime creature (D:10)
  2 vampires
  2 shadows (D:9)
  4 wyverns
  6 yaks
  A death yak simulacrum (Lair:1)
  2 steam dragons
  2 nagas (Lair:2)
  6 water moccasins
  2 orc warriors (D:9)
  2 black bears
  2 ogres
  A centaur (D:9)
  A scorpion (D:5)
  7 bullfrogs
  A killer bee (D:11)
  3 howler monkeys
  3 jellies
  2 orc priests
  3 iguanas
  3 orc wizards
  Natasha (twice) (D:3)
  2 hell rats (Lair:1)
  A mummy (Ossuary)
  A gnoll (D:4)
  An adder (D:6)
  2 white imps
  A worm (D:3)
  11 orcs
  4 endoplasms
  2 giant cockroaches (D:4)
  A goblin (D:10)
  A quokka (D:4)
  A hobgoblin zombie (Ossuary)
  A kobold zombie (Ossuary)
  2 orc zombies (Ossuary)
149 creatures vanquished.

Vanquished Creatures (others)
  10 knights
  2 ancestors (D:2)
  138 fulminant prisms
150 creatures vanquished.

Grand Total: 619 creatures vanquished

Notes
Turn   | Place    | Note
-------+----------+-------------------------------------------
     0 | D:1      | TrayleKats the Deep Elf Conjurer began the quest for the
                  | Orb.
     0 | D:1      | Reached XP level 1. HP: 10/10 MP: 6/6
   222 | D:1      | Reached XP level 2. HP: 15/15 MP: 2/8
  1016 | D:2      | Found a faded altar of an unknown god.
  1047 | D:2      | Reached XP level 3. HP: 19/19 MP: 5/10
  1131 | D:2      | Prayed at the altar of an unknown god.
  1131 | D:2      | Became a worshipper of Hepliaklqana the Forgotten
  1131 | D:2      | Reached * piety under Hepliaklqana
  1233 | D:2      | Learned a level 2 spell: Searing Ray
  1269 | D:2      | Noticed Sigmund
  1277 | D:2      | Killed Sigmund
  1278 | D:2      | Reached skill level 5 in Conjurations
  1278 | D:2      | Reached XP level 4. HP: 14/21 MP: 5/12
  1278 | D:2      | Reached XP level 5. HP: 17/25 MP: 5/14
  1646 | D:2      | Reached skill level 5 in Spellcasting
  1859 | D:2      | Reached XP level 6. HP: 28/28 MP: 12/15
  2187 | D:3      | Noticed Jessica
  2191 | D:3      | Killed Jessica
  2232 | D:3      | Noticed Natasha
  2236 | D:3      | Killed Natasha
  2237 | D:3      | Reached skill level 6 in Conjurations
  2284 | D:3      | Found a runed translucent gate.
  2284 | D:3      | Found a runed translucent gate.
  2284 | D:3      | Found a runed translucent gate.
  2287 | D:3      | Noticed innerfire43's ghost (amateur DsMo)
  2303 | D:3      | Learned a level 4 spell: Fulminant Prism
  2308 | D:3      | Learned a level 4 spell: Iskenderun's Mystic Blast
  2402 | D:3      | Found a sacrificial altar of Ru.
  2539 | D:3      | Reached ** piety under Hepliaklqana
  2541 | D:3      | Remembered your ancestor Xochipepe as a knight
  2680 | D:3      | Noticed Natasha
  2685 | D:3      | Killed Natasha
  2707 | D:3      | Noticed Natasha
  2712 | D:3      | Killed Natasha
  3255 | D:3      | Reached skill level 7 in Conjurations
  3255 | D:3      | Reached XP level 7. HP: 7/32 MP: 2/18
  3561 | D:4      | Found a sand-covered staircase.
  3664 | Ossuary  | Entered an ossuary
  4498 | D:4      | Reached skill level 8 in Conjurations
  4685 | D:5      | Entered Level 5 of the Dungeon
  4803 | D:5      | Reached XP level 8. HP: 36/36 MP: 14/21
  4941 | D:5      | Found a blossoming altar of Fedhas.
  5035 | D:5      | Reached skill level 9 in Conjurations
  5073 | D:5      | Found a shimmering altar of Xom.
  5475 | D:5      | Found a radiant altar of Vehumet.
  5775 | D:6      | Reached *** piety under Hepliaklqana
  6173 | D:6      | Reached skill level 10 in Conjurations
  6276 | D:6      | Reached skill level 1 in Hexes
  6276 | D:6      | Reached skill level 1 in Translocations
  6586 | D:6      | Reached XP level 9. HP: 40/40 MP: 17/24
  6677 | D:6      | Found a staircase to the Ecumenical Temple.
  7100 | D:7      | Reached skill level 11 in Conjurations
  7378 | D:7      | Reached **** piety under Hepliaklqana
  7736 | D:8      | Noticed Joseph
  7751 | D:8      | Killed Joseph
  7752 | D:8      | Reached skill level 10 in Spellcasting
  7763 | D:8      | Reached skill level 5 in Hexes
  7905 | D:8      | Learned a level 4 spell: Olgreb's Toxic Radiance
  8179 | D:8      | Noticed a two-headed ogre
  8187 | D:8      | Killed a two-headed ogre
  8188 | D:8      | Reached skill level 12 in Conjurations
  8188 | D:8      | Reached skill level 1 in Poison Magic
  8188 | D:8      | Reached XP level 10. HP: 45/45 MP: 16/26
  8584 | D:9      | Noticed a two-headed ogre
  8590 | D:9      | Reached skill level 5 in Translocations
  8590 | D:9      | Killed a two-headed ogre
  8605 | D:9      | Noticed Psyche
  8614 | D:9      | Killed Psyche
  8629 | D:9      | Reached skill level 13 in Conjurations
  9074 | D:9      | Gained mutation: You are partially covered in iridescent
                  | scales. (AC +2) [potion of mutation]
  9074 | D:9      | Gained mutation: Your spells are a little easier to cast,
                  | but a little less powerful. [potion of mutation]
  9074 | D:9      | Gained mutation: You are mostly covered in iridescent
                  | scales. (AC +4) [potion of mutation]
  9267 | D:9      | Found Lunwiwulymm's Armour Emporium.
  9275 | D:9      | Bought a +2 robe of positive energy for 176 gold pieces
  9476 | D:9      | Found a staircase to the Orcish Mines.
  9698 | D:9      | Reached XP level 11. HP: 48/48 MP: 10/28
  9820 | D:9      | Reached ***** piety under Hepliaklqana
 10074 | D:10     | Entered Level 10 of the Dungeon
 10139 | D:10     | Reached skill level 5 in Poison Magic
 10140 | D:10     | Noticed a two-headed ogre
 10474 | D:9      | Killed a two-headed ogre
 10475 | D:9      | Reached skill level 14 in Conjurations
 10707 | D:10     | Found a staircase to the Lair.
 10788 | D:10     | Found a large runed translucent door.
 10789 | D:10     | Found a large runed translucent door.
 10789 | D:10     | Noticed a centaur warrior
 12857 | D:11     | Got the Secrets of Decaying Algor
 13065 | D:12     | Reached skill level 15 in Conjurations
 13167 | Lair:1   | Entered Level 1 of the Lair of Beasts
 13852 | Lair:1   | Noticed a bog body
 14167 | Lair:1   | Learned a level 5 spell: Summon Mana Viper
 14173 | Lair:1   | Learned a level 5 spell: Borgnjor's Vile Clutch
 14219 | Lair:1   | Reached XP level 12. HP: 53/53 MP: 23/31
 14239 | Lair:1   | Reached skill level 1 in Fighting
 14242 | Lair:1   | Reached skill level 1 in Summonings
 14242 | Lair:1   | Reached skill level 1 in Invocations
 14243 | Lair:1   | Reached skill level 1 in Earth Magic
 15102 | Lair:1   | Noticed a death yak
 15133 | Lair:1   | Killed a death yak
 15134 | Lair:1   | Reached skill level 5 in Stealth
 15368 | Lair:1   | Reached skill level 5 in Dodging
 17167 | Lair:2   | Reached ****** piety under Hepliaklqana
 17196 | Lair:2   | Found a staircase to the Swamp.
 17510 | Lair:2   | Noticed Maggie
 17516 | Lair:2   | Killed Maggie
 17640 | Lair:2   | Found a staircase to the Snake Pit.
 17721 | Lair:3   | Noticed Josephine
 17728 | Lair:3   | Killed Josephine
 17971 | Lair:3   | Reached XP level 13. HP: 64/64 MP: 19/32
 17978 | Lair:3   | Reached skill level 5 in Fighting
 19006 | Lair:4   | You fall into a shaft and drop 1 floor!
 19006 | Lair:5   | Entered Level 5 of the Lair of Beasts
 19019 | Lair:5   | Reached skill level 5 in Summonings
 19039 | Lair:5   | Reached skill level 5 in Invocations
 19268 | Lair:5   | Reached skill level 5 in Earth Magic
 19375 | Lair:5   | Paralysed by a hornet for 3 turns
 19918 | Lair:4   | Found a transporter.
 20224 | Lair:4   | Noticed Bekuax's ghost (journeyman MfIE)
 20272 | Lair:4   | Found a transporter.
 20422 | Lair:4   | Identified the ring of Rivat {rC+ Str+3 Int+6 Dex+3}
 20661 | Lair:5   | Found a viscous altar of Jiyva.
 20661 | Lair:5   | Found a staircase to the Slime Pits.
 21120 | Lair:5   | Reached XP level 14. HP: 73/73 MP: 30/33
 21286 | Lair:5   | Reached skill level 1 in Necromancy
 22220 | Orc:1    | Entered Level 1 of the Orcish Mines
 22220 | Orc:1    | Noticed Gastronok
 22226 | Orc:1    | Noticed Jorgrun
 22229 | Orc:1    | Constricted to death by Jorgrun

Illustrated notes

Levels and vault maps discovered:
D:1:      nicolae_arrival_washed_ashore, layout_basic, dk_noncrumbling_4,
          minmay_unequal
D:2:      layout_loops_ring, nicolae_ecumenical_lake_church, uniq_sigmund
D:3:      layout_loops_ring, nicolae_ru_sacrificial_ziggurat,
          ebering_ghost_rock_garden, uniq_jessica, uniq_natasha
D:4:      layout_cave_pools, enter_ossuary_4, corexii_checkpoint_a
D:5:      layout_basic, dk_xom_monty_hall, mainiacjoe_overflow_24_doors,
          nicolae_overflow_crystal_walls
D:6:      layout_cave_pods, minmay_temple_entry_tees
D:7:      layout_loops_ring
D:8:      layout_gridville, uniq_joseph
D:9:      layout_basic, david_orc_5, serial_shops, shop_fountains, uniq_psyche
D:10:     nzn_winding_woodlands_three_and_one
          [nzn_winding_woodlands_5x15_zeroes,
          nzn_winding_woodlands_5x15_concentric,
          nzn_winding_woodlands_5x15_default,
          nzn_winding_woodlands_center_diamonds], layout_stronghold,
          jmf_multi_god_temple2, enter_bailey_5, kennysheep_generic_room_13
D:11:     layout_layer_cave
D:12:     layout_cross, serial_shops, shop, serial_demonic, serial_demonic_c,
          serial_demonic_f, serial_demonic_f, serial_demonic_c,
          trove_entry_hex_spiral, nicolae_shop_firing_range
Lair:1:   dreamdust_isle_of_ice, layout_layer_cave,
          portal_ice_cave_entry_ice_simulacra, grunt_megastairs_3
Lair:2:   layout_long_grid, minmay_swamp_entry_worms,
          nicolae_snake_entry_squirm, beast_lair_carwin_3, uniq_maggie
Lair:3:   layout_regular_city, pond, grunt_megastairs_1, uniq_josephine
Lair:4:   layout_long_grid, gammafunk_ghost_berserking_beasts,
          gammafunk_lair_bear_cave
Lair:5:   gammafunk_lair_ancient_temple, layout_gridlike,
          nicolae_slime_entry_slimehenge, infiniplex_staircase_pool_2
Orc:1:    layout_diamond_mine, serial_shops, nicolae_shop_trees, uniq_nergalle,
          uniq_gastronok, uniq_jorgrun

Skill      XL: |  1  2  3  4  5  6  7  8  9 10 11 12 13 14 |
---------------+-------------------------------------------+-----
Stealth        | 3 4 5 |  5.1
Dodging        | 3 4 6 8 9 |  9.1
Spellcasting   | 4 5 6 7 9 10 11 13 | 13.6
Conjurations   | 5 7 8 10 12 13 15 | 15.8
Hexes          | 2 5 |  5.0
Translocations | 1 4 5 |  5.0
Poison Magic   | 1 4 5 |  5.0
Fighting       | 4 7 |  7.9
Summonings     | 4 6 7 |  7.2
Invocations    | 4 6 7 |  7.0
Earth Magic    | 4 6 7 |  7.0
Necromancy     | 2 |  2.1

Action                     |  1- 3 |  4- 6 |  7- 9 | 10-12 | 13-15 || total
---------------------------+-------+-------+-------+-------+-------++-------
  Melee: Unarmed           |       |       |     5 |       |       ||     5
         Hand axe          |       |       |       |    11 |    27 ||    38
   Cast: Magic Dart        |    49 |   103 |   229 |   273 |    10 ||   664
         Searing Ray       |     1 |     1 |     4 |       |    12 ||    18
         Fulminant Prism   |       |     2 |    15 |    84 |    38 ||   139
         Iskenderun's Myst |       |     1 |     5 |    63 |    14 ||    83
         Olgreb's Toxic Ra |       |       |       |    19 |    10 ||    29
         Summon Mana Viper |       |       |       |    14 |    36 ||    50
         Borgnjor's Vile C |       |       |       |     6 |    21 ||    27
 Invoke: Recall Ancestor   |       |     1 |       |     1 |     4 ||     6
         Ancestor Life: Kn |       |     1 |       |       |       ||     1
         Ancestor Identity |       |     1 |       |       |       ||     1
         Idealise          |       |       |       |       |     2 ||     2
  Evoke: Wand              |       |       |       |     9 |       ||     9
         Condenser vane    |       |       |       |       |     1 ||     1
    Use: Scroll            |     2 |     5 |     6 |    14 |     1 ||    28
         Potion            |       |     1 |     2 |     4 |     1 ||     8
   Stab: Distracted        |       |       |       |     1 |       ||     1
 Armour: Robe              |     2 |     1 |     9 |    15 |       ||    27
         Troll leather arm |       |       |       |    37 |       ||    37
         Acid dragon scale |       |       |       |     1 |    78 ||    79
  Dodge: Dodged            |     1 |     6 |    18 |    76 |    95 ||   196

Table legend: (Time is in decaauts)
 A = Elapsed time spent in this place.
 B = Non-inter-level travel time spent in this place.
 C = Inter-level travel time spent in this place.
 D = Time resting spent in this place.
 E = Time spent auto-exploring this place.
 F = Levels seen in this place.
 G = Mean time per level.
                   A        B        C        D        E       F      G
               +--------+--------+--------+--------+--------+-----+--------+
         Total |  22314 |  21583 |    731 |   4811 |  13628 |  19 | 1174.4 |
       Dungeon |  13007 |  12586 |    421 |   2428 |   8701 |  12 | 1083.9 |
          Lair |   8678 |   8370 |    308 |   2059 |   4747 |   5 | 1735.6 |
  Orcish Mines |     11 |     11 |      0 |      0 |      0 |   1 |   11.0 |
       Ossuary |    616 |    616 |      0 |    324 |    180 |   1 |  616.0 |
               +--------+--------+--------+--------+--------+-----+--------+

Top non-repeatable levels by time:
  Lair:1: 2738 daAuts
  Lair:5: 2023 daAuts
     D:9: 1751 daAuts
    D:10: 1582 daAuts
    D:11: 1504 daAuts
  Lair:2: 1429 daAuts
  Lair:3: 1303 daAuts
  Lair:4: 1184 daAuts
     D:8: 1167 daAuts
     D:6: 1153 daAuts
     D:3: 1123 daAuts
     D:2: 1076 daAuts
     D:5: 996 daAuts
     D:1: 982 daAuts
     D:4: 887 daAuts
